 Seeded DCSS version 0.30-a0-857-gcaf70739d4 (webtiles) character file.

Game seed: 18242870539230726858 (custom seed)

44 bmack86 the Shield-Bearer (level 3, -3/33 HPs)
             Began as a Minotaur Fighter on Mar 6, 2023.
             Slain by Sigmund
             ... wielding a +0 scythe
              (5 damage)
             ... on level 2 of the Dungeon.
             The game lasted 00:02:53 (1106 turns).

bmack86 the Shield-Bearer (Minotaur Fighter)        Turns: 1106, Time: 00:02:53

Health: -3/33      AC: 10    Str: 22    XL:     3   Next: 39%
Magic:  2/2        EV:  9    Int:  5    God:
Gold:   21         SH:  4    Dex:  9    Spells: 2/2 levels left

rFire   . . .      SeeInvis .    a - +0 war axe
rCold   . . .      Faith    .    c - +0 buckler
rNeg    . . .      Spirit   .    b - +0 scale mail
rPois   +          Reflect  .    (helmet restricted)
rElec   .          Rampage  .    (no cloak)
rCorr   .                        (no gloves)
Will    .....                    i - +2 pair of boots {Fly} Stlth
                                 (no amulet)
HPRegen 0.25/turn                j - ring of poison resistance
MPRegen 0.08/turn                (no ring)

@: flying
A: horns 2, retaliatory headbutt
a: no special abilities


You were on level 2 of the Dungeon.
You visited 1 branch of the dungeon, and saw 2 of its levels.

You collected 81 gold pieces.
You spent 60 gold pieces at shops.

Inventory:

Hand Weapons
 a - a +0 war axe (weapon)
Armour
 b - a +0 scale mail (worn)
 c - a +0 buckler (worn)
 i - a +2 pair of boots of flying (worn)
Jewellery
 j - a ring of poison resistance (left hand)
Scrolls
 f - a scroll of fear {unknown}
 g - 2 scrolls of vulnerability {unknown}
 h - 4 scrolls of identify
Potions
 d - a potion of might
 e - 2 potions of attraction {unknown}
 k - 2 potions of mutation {unknown}
 l - a potion of haste {unknown}


   Skills:
 + Level 4.0 Fighting
 * Level 3.4 Axes
 + Level 4.0 Armour
 + Level 4.0 Shields


You had 2 spell levels left.
You didn't know any spells.
Your spell library contained the following spells:

 Spells                   Type           Power      Damage    Failure   Level
 Magic Dart               Conj           0%         1d3       87%         1
 Call Imp                 Summ           0%         N/A       95%         2
 Mephitic Cloud           Conj/Pois/Air  0%         N/A       99%         3


Dungeon Overview and Level Annotations

Branches:
Dungeon (2/15)

Altars:

Shops:
D:1 ((*[*   D:2 *

Annotations:
D:2 Sigmund


Innate Abilities, Weirdness & Mutations

You have a pair of horns on your head.
You reflexively headbutt those who attack you in melee.


Message History

You barely miss the goblin. You headbutt the goblin.
You kill the goblin!
You closely miss the frilled lizard. You block the bat's attack.
The frilled lizard bites you but does no damage.
Something hits you.
The frilled lizard attacks as you move away!
The frilled lizard bites you but does no damage.
The bat hits you but does no damage. The bat barely misses you.
Something hits you.
Things that are here:
a +0 club; a goblin corpse; a ball python corpse You closely miss something.
You hit the bat. The bat misses you. The bat hits you but does no damage.
You block something's attack. The bat closely misses you.
You barely miss something. You closely miss the bat.
The bat closely misses you. You furiously retaliate!
You headbutt the bat!
You kill the bat!
You closely miss something. You closely miss the frilled lizard.
Something hits you but does no damage.
The frilled lizard bites you but does no damage.
You hit something. You slash the frilled lizard!
You kill the frilled lizard!
Something hits you.
You miss something.
You hear some strange, mumbled words.
A puff of flame appears from out of thin air!
The puff of flame hits you.
* * * LOW HITPOINT WARNING * * *
You hear some strange, mumbled words.
Something tries to affect you, but you resist.
You barely miss something.
You hear some strange, mumbled words.
A puff of flame appears from out of thin air!
The puff of flame hits you.
* * * LOW HITPOINT WARNING * * *
You miss something. Something hits you.
* * * LOW HITPOINT WARNING * * *
You closely miss something. Something hits you but does no damage.
You closely miss something. Something hits you.
You die...

#########.###########
####.........#
#<...#########
##.####
##...###########
#.#............
##.#.##..##g.
##...#.##{##
##....#@..#
#..##†#.#.# #.##.)###
#.#..#$ #..## .# #..
.# ...# ## ###.


You could see a hobgoblin.

Vanquished Creatures
  An adder (D:2)
  A dart slug (D:1)
  2 ball pythons
  3 endoplasms
  2 giant cockroaches (D:1)
  5 goblins
  A hobgoblin (D:1)
  4 bats
  12 frilled lizards
  A kobold (D:1)
  4 rats (D:1)
36 creatures vanquished.

Vanquished Creatures (others)
  8 plants (D:1)
8 creatures vanquished.

Grand Total: 44 creatures vanquished

Notes
Turn   | Place    | Note
-------+----------+-------------------------------------------
     0 | D:1      | bmack86 the Minotaur Fighter began the quest for the Orb.
     0 | D:1      | Reached XP level 1. HP: 19/19 MP: 0/0
   130 | D:1      | Found Iczoal's Antique Armour Shop.
   147 | D:1      | Reached XP level 2. HP: 25/27 MP: 1/1
   238 | D:1      | Found Ridunu's General Store.
   265 | D:1      | Bought a scroll of identify for 20 gold pieces
   265 | D:1      | Bought a scroll of identify for 20 gold pieces
   265 | D:1      | Bought a scroll of identify for 20 gold pieces
   429 | D:1      | Found Mapt's Weapon Shop.
   464 | D:1      | Found Mazynewu's Weapon Shoppe.
   824 | D:1      | Found Gaux's General Store.
   975 | D:2      | Reached XP level 3. HP: 33/33 MP: 2/2
   977 | D:2      | Found Qerurash's Assorted Antiques.
  1091 | D:2      | Noticed Sigmund
  1106 | D:2      | Slain by Sigmund

Illustrated notes

Levels and vault maps discovered:
D:1:      dpeg_arrival_stone_temple_mockup, layout_basic, serial_shops, shop,
          shop_statue, shop_statue, nicolae_shop_advertising_works
          [nicolae_subvault_shop_adworks], nicolae_shop_bloodbath_and_beyond,
          minmay_lizard_king
D:2:      layout_loops_ring, serial_shops, nicolae_lakefront_shop,
          minmay_pentomino_pile, uniq_sigmund

Skill      XL: |  1  2 |
---------------+-------+-----
Axes           | 3 |  3.4
Fighting       | 4 |  4.0
Armour         | 4 |  4.0
Shields        | 4 |  4.0

Action                     || total
---------------------------++-------
  Melee: War axe           ||    59
         Headbutt          ||     4
 Armour: Scale mail        ||    44
  Dodge: Dodged            ||    32
  Block: Buckler           ||    19

Table legend: (Time is in decaauts)
 A = Elapsed time spent in this place.
 B = Non-inter-level travel time spent in this place.
 C = Inter-level travel time spent in this place.
 D = Time resting spent in this place.
 E = Time spent auto-exploring this place.
 F = Levels seen in this place.
 G = Mean time per level.
                   A        B        C        D        E       F      G
               +--------+--------+--------+--------+--------+-----+--------+
         Total |   1129 |   1129 |      0 |      0 |    667 |   2 |  564.5 |
       Dungeon |   1129 |   1129 |      0 |      0 |    667 |   2 |  564.5 |
               +--------+--------+--------+--------+--------+-----+--------+

Top non-repeatable levels by time:
     D:1: 961 daAuts
     D:2: 167 daAuts
